 Dungeon Crawl Stone Soup version 0.29.0-5-ge4962eb29e (webtiles) character file.

Game seed: 3912108032674887078

189 SnakkuSnakku7 the Chucker (level 5, 0/28 (31) HPs)
             Began as a Tengu Warper on Aug 28, 2022.
             Was an Initiate of Yredelemnul.
             Slain by a wight
             ... wielding a +0 great sword
              (15 damage)
             ... on level 4 of the Dungeon.
             The game lasted 00:06:27 (2954 turns).

SnakkuSnakku7 the Chucker (Tengu Warper)            Turns: 2954, Time: 00:06:27

HP:   0/28 (31)     AC:  5    Str: 11    XL:     5   Next: 68%
MP:   9/9           EV: 12    Int: 14    God:    Yredelemnul [......]
Gold: 191           SH:  0    Dex: 15    Spells: 8/8 levels left

rFire   . . .      SeeInvis .   g - +2 short sword (drain)
rCold   . . .      Faith    .   (no shield)
rNeg    . . .      Spirit   .   k - +0 ring mail
rPois   .          Reflect  .   (helmet restricted)
rElec   .          Harm     .   (no cloak)
rCorr   .          Rampage  .   (no gloves)
Will    .....                   (boots unavailable)
Stlth   +.........              (no amulet)
HPRegen 0.09/turn               (no ring)
MPRegen 0.11/turn               (no ring)

@: flying quickly and evasively, drained, quick
A: beak, talons 3, nimble flight
a: Renounce Religion, Recall Undead Harvest


You were on level 4 of the Dungeon.
You worshipped Yredelemnul.
Yredelemnul was noncommittal.
You visited 1 branch of the dungeon, and saw 4 of its levels.

You collected 191 gold pieces.

Inventory:

Hand Weapons
 a - a +0 falchion
 g - a +2 short sword of draining (weapon)
Missiles
 d - 7 boomerangs of dispersal
 f - 12 poisoned darts (quivered)
Armour
 b - a +0 leather armour
 k - a +0 ring mail (worn)
Scrolls
 c - a scroll of blinking
 e - a scroll of torment {unknown}
 l - 2 scrolls of fog {unknown}
 m - a scroll of enchant armour {unknown}
 o - a scroll of poison {unknown}
 q - a scroll of teleportation {unknown}
 s - a scroll of magic mapping
Potions
 i - a potion of ambrosia
 j - a potion of might
 r - a potion of cancellation


   Skills:
 + Level 2.3 Fighting
 - Level 2.7 Long Blades
 - Level 5.0 Throwing
 - Level 1.1 Armour
 - Level 2.1 Dodging
 - Level 2.0 Spellcasting
 - Level 2.4 Translocations


You had 8 spell levels left.
You didn't know any spells.
Your spell library contained the following spells:

 Spells                   Type           Power      Damage    Failure   Level
 Blink                    Tloc           16%        N/A       32%         2
 Slow                     Hex            4%         N/A       50%         1
 Gell's Gravitas          Tloc           8%         N/A       54%         3
 Lesser Beckoning         Tloc           8%         N/A       54%         3
 Teleport Other           Tloc           8%         N/A       54%         3
 Confusing Touch          Hex            1%         N/A       86%         3
 Vampiric Draining        Necr           1%         2d6       86%         3
 Manifold Assault         Tloc           8%         N/A       99%         5


Dungeon Overview and Level Annotations

Branches:
Dungeon (4/15)
 Temple: D:4-7

Altars:
Dithmenos
Fedhas
Hepliaklqana
Yredelemnul

Shops:
D:2 [   D:3 [

Annotations:
D:4 Pikel


Innate Abilities, Weirdness & Mutations

You have a beak for a mouth.
You have claws for feet.
Your magical nature lets you fly swiftly and evasively.


Message History

Level annotation: Pikel The hobgoblin shouts!
Found 7 gold pieces.
There is a stone staircase leading up here.
A hobgoblin is nearby!
You hit the hobgoblin. You drain the hobgoblin.
You kill the hobgoblin!
The dead are walking!
No target in view!
You now have 191 gold pieces (gained 7).
No target in view!
No target in view!
A wight comes into view. It is wielding a +0 great sword.
A wight is nearby!
You swap places.
A wight is nearby!
The wight hits your hobgoblin zombie with a +0 great sword!
Your hobgoblin zombie is destroyed!
The wight hits you with a +0 great sword.
You feel drained.
You hit the wight but do no damage. Your kick misses the wight.
You peck the wight, but do no damage. You punch the wight.
The wight is lightly damaged.
The wight hits you with a +0 great sword.
You feel drained.
You hit the wight. Your kick misses the wight.
You peck the wight, but do no damage.
The wight is moderately damaged.
The wight hits you with a +0 great sword!
You feel drained.
You hit the wight. You claw the wight, but do no damage.
You peck the wight, but do no damage.
The wight is moderately damaged.
The wight closely misses you.
You closely miss the wight.
The wight is moderately damaged.
The wight hits you with a +0 great sword!
Ouch! That really hurt!
You die...
Your body rises from the dead as a mindless zombie.

.##.##.#...###......z..
.#...#....## #.........
r...#.......##........#
...#####.......##....##
..### ##.###........##
5### .##....##........#
.##.......#..##.####....
r......#..#....z####..#
#......#........@....#
#................####.#
##...............##
##...##.........#. ##..
###........... ..
#.<..###..... #...##
...#. .....# ###.. .
........ ..


You could see a wight.

Vanquished Creatures
  A lemure (D:3)
  2 hounds (D:4)
  5 adders
  A worm (D:2)
  2 dart slugs (D:2)
  An orc (D:3)
  6 bats
  9 endoplasms
  A giant cockroach (D:3)
  7 goblins
  4 hobgoblins
  3 jackals (D:3)
  7 kobolds
  2 quokkas
  5 ball pythons
  4 frilled lizards
  5 rats
65 creatures vanquished.

Vanquished Creatures (collateral kills)
  A lemure (D:4)
  An adder (D:4)
  A jackal (D:3)
3 creatures vanquished.

Vanquished Creatures (others)
  A hound zombie (D:4)
  An adder zombie (D:4)
  An endoplasm zombie (D:4)
  A hobgoblin zombie (D:4)
4 creatures vanquished.

Grand Total: 72 creatures vanquished

Notes
Turn   | Place    | Note
-------+----------+-------------------------------------------
     0 | D:1      | SnakkuSnakku7 the Tengu Warper began the quest for the Orb.
     0 | D:1      | Reached XP level 1. HP: 12/12 MP: 4/4
   330 | D:1      | Reached XP level 2. HP: 6/15 MP: 6/6
   708 | D:1      | Reached skill level 2 in Throwing
   914 | D:2      | Found a hazy altar of Hepliaklqana.
  1179 | D:2      | Reached XP level 3. HP: 21/21 MP: 7/7
  1224 | D:2      | Reached skill level 3 in Throwing
  1252 | D:2      | Found Huemur's Antique Armour Emporium.
  1272 | D:2      | Reached XP level 4. HP: 23/26 MP: 8/8
  1768 | D:3      | Found a faded altar of an unknown god.
  1783 | D:3      | Prayed at the altar of an unknown god.
  1783 | D:3      | Became a worshipper of Yredelemnul the Dark
  1783 | D:3      | Reached * piety under Yredelemnul
  1821 | D:3      | Found Ocucen's Antique Armour Shop.
  1876 | D:3      | Found a shadowy altar of Dithmenos.
  1891 | D:3      | Reached skill level 4 in Throwing
  1943 | D:3      | Found a blossoming altar of Fedhas.
  2092 | D:4      | Gained mutation: Your magical nature lets you fly swiftly
                  | and evasively. [Tengu growth]
  2092 | D:4      | Reached XP level 5. HP: 19/30 MP: 9/9
  2192 | D:4      | Noticed a lemure
  2214 | D:4      | Killed a lemure
  2368 | D:4      | Reached skill level 5 in Throwing
  2609 | D:4      | Noticed Pikel
  2609 | D:4      | Noticed a lemure
  2609 | D:4      | Noticed a lemure
  2609 | D:4      | Noticed a lemure
  2640 | D:3      | Killed a lemure
  2954 | D:4      | Slain by a wight

Illustrated notes

Levels and vault maps discovered:
D:1:      minmay_arrival_hallway, layout_rooms, st_stairs_3
D:2:      layout_loops_corners, serial_shops, shop, basic_altar, st_stairs_8
D:3:      layout_basic, mainiacjoe_overflow_six_doors_small,
          fedhas_ov_isle_minmay, serial_shops, nicolae_shop_window_shopping,
          hellmonk_ecumenical_altar_run_dry, amethyst_killhole
D:4:      layout_cave_pools, elyvilon_altar_5, uniq_menkaure, uniq_pikel,
          uniq_edmund

Skill      XL: |  1  2  3  4  5 |
---------------+----------------+-----
Throwing       | 2 3 4 5 |  5.0
Fighting       | |  2.3
Long Blades    | |  2.7
Armour         | |  1.1
Dodging        | |  2.1
Spellcasting   | |  2.0
Translocations | |  2.4

Action                   |  1- 3 |  4- 6 || total
-------------------------+-------+-------++-------
Melee: Falchion          |    11 |       ||    11
       Kick              |    15 |    22 ||    37
       Short sword       |    51 |   114 ||   165
       Punch             |     1 |     2 ||     3
       Peck              |     4 |    19 ||    23
  Use: Scroll            |       |     6 ||     6
 Stab: Distracted        |     1 |     3 ||     4
Armor: Leather armour    |     5 |       ||     5
       Ring mail         |    15 |    47 ||    62
Dodge: Dodged            |    39 |    71 ||   110
